 Dungeon Crawl Stone Soup version 0.19-a0-733-geeb8733 (webtiles) character file.

91 MrRokkomies the Covered (level 4, -2/33 HPs)
             Began as a Ghoul Wanderer on June 22, 2016.
             Was an Initiate of Cheibriados.
             Killed from afar by Ijyb (13 damage)
             ... with an exploding inner flame
             ... hexed by the player character
             ... on level 2 of the Dungeon.
             The game lasted 00:03:21 (1427 turns).

MrRokkomies the Covered (Ghoul Wanderer)            Turns: 1427, Time: 00:03:24

Health: -2/33      AC:  8    Str: 15    XL:     4   Next: 57%
Magic:  4/4        EV:  9    Int:  8    God:    Cheibriados [......]
Gold:   86         SH:  0    Dex: 11    Spells: 1 memorised, 4 levels left

rFire  . . .     SeeInvis .     d - +0 blowgun
rCold  + . .     Gourm    .     a - +2 scale mail
rNeg   + + +     Faith    .     (no shield)
rPois  ∞         Spirit   .     (no helmet)
rElec  .         Dismiss  .     (no cloak)
rCorr  .         Reflect  .     (no gloves)
SustAt .         Harm     .     (no boots)
MR     .....                    (no amulet)
Stlth  ..........               (no ring)
                                (no ring)

@: rotting, slow, not resistant to hostile enchantments, extremely unstealthy
A: rotting body, claws 1, carnivore 3, cold resistance 1, negative energy
resistance 3, slow regeneration 1, torment resistance, unbreathing
a: Bend Time, Renounce Religion


You were on level 2 of the Dungeon.
You worshipped Cheibriados.
Cheibriados was noncommittal.
You were not hungry.

You visited 1 branch of the dungeon, and saw 2 of its levels.

You collected 86 gold pieces.

Inventory:

Hand Weapons
 d - a +0 blowgun (weapon)
Missiles
 c - 12 poisoned needles (quivered)
Armour
 a - a +2 scale mail (worn)
Scrolls
 i - a scroll of blinking {unknown}
 j - 2 scrolls of remove curse {unknown}
 k - a scroll of enchant armour {unknown}
Potions
 e - a potion of mutation {unknown}
 h - a potion of berserk rage
 l - a potion of heal wounds {unknown}
Books
 b - the Catalogue of Companions

   Spells                             Type                      Level
   a - Summon Butterflies             Summoning                    1
   b - Summon Guardian Golem          Hexes/Summoning              3
Comestibles
 f - 4 meat rations


   Skills:
   Level 1.0 Bows
 * Level 2.6 Throwing
 - Level 3.6 Armour
 * Level 3.1 Unarmed Combat
 - Level 1.0 Spellcasting
   Level 1.5 Fire Magic
   Level 1.0 Evocations


You had 4 spell levels left.
You knew the following spells:

 Your Spells              Type           Power        Failure   Level  Hunger
a - Summon Butterflies    Summ           #.......     98%         1    ##.....


Dungeon Overview and Level Annotations

Branches:
Dungeon (2/15)

Altars:
Cheibriados
Elyvilon
The Shining One


Innate Abilities, Weirdness & Mutations

Your body is rotting away.
You thrive on raw meat.
You are immune to poison.
You have sharp fingernails.
You are carnivorous and can eat meat at any time.
Your flesh is cold resistant. (rC+)
You are immune to negative energy. (rN+++)
You regenerate slowly when monsters are visible.
You are immune to unholy pain and torment.
You can survive without breathing.


Message History

Ijyb hits you but does no damage.
Firing (i - inventory):
c - 13 poisoned needles (quivered)
Press: ? - help, Shift-Dir - straight line, f - Ijyb
Aim: Ijyb, wielding a club (berserk, fast, unusually strong, inner flame)
You shoot a poisoned needle.
The poisoned needle closely misses Ijyb.
The poisoned needle hits the hobgoblin.
The hobgoblin is poisoned.
Ijyb hits you with a club. Ijyb barely misses you.
Ijyb rages.
Ijyb hits you with a club. Ijyb hits you but does no damage.
The hobgoblin explodes!
The fiery explosion engulfs Ijyb.
Ijyb is heavily wounded.
Cheibriados appreciates the change of pace.
Ijyb is engulfed in roaring flames. x2
Ijyb explodes!
The fiery explosion engulfs you!
You die...

#####
###############
....#
#....@§§§...(.#
###.#
#.#####§#####.# #.#
#.# #.#### # #.#
#.# #....# # #.#
#.# ##....# # #.#
#.####.....##.# #
#.# #......_......#
# #)#
#.##)....###### #
#.########.##....##


There were no monsters in sight!

Vanquished Creatures
  4 adders
  An ooze (D:1)
  2 worms (D:2)
  5 dart slugs
  3 giant cockroaches
  3 goblins (D:1)
  5 hobgoblins
  4 kobolds
  A ball python (D:1)
  3 bats
  A giant newt (D:2)
  5 rats
37 creatures vanquished.

Notes
Turn   | Place    | Note
--------------------------------------------------------------
     0 | D:1      | MrRokkomies the Ghoul Wanderer began the quest for the Orb.
     0 | D:1      | MrRokkomies set off with: a +2 scale mail, the Catalogue of Companions, 13 poisoned needles, a +0 blowgun, a meat ration
     0 | D:1      | Reached XP level 1. HP: 14/14 MP: 1/1
     0 | D:1      | Identified the Catalogue of Companions
     2 | D:1      | Learned a level 1 spell: Summon Butterflies
   260 | D:1      | Reached skill level 1 in Unarmed Combat
   264 | D:1      | Reached XP level 2. HP: 17/20 MP: 2/2
   525 | D:1      | Reached XP level 3. HP: 23/24 MP: 3/3
  1055 | D:2      | Reached XP level 4. HP: 32/32 MP: 4/4
  1082 | D:2      | Found a white marble altar of Elyvilon.
  1282 | D:2      | Found a glowing golden altar of the Shining One.
  1396 | D:2      | Found a snail-covered altar of Cheibriados.
  1405 | D:2      | Became a worshipper of Cheibriados the Contemplative
  1411 | D:2      | Noticed Ijyb
  1427 | D:2      | Killed Ijyb
  1427 | D:2      | Killed from afar by Ijyb

Vault maps used:
D:1:      dpeg_arrival_three_smaller_balls, minmay_surrounded
D:2:      elyvilon_altar_4, old_standard_altar, nicolae_overflow_crystal_walls,
          uniq_iyjb

Skill      XL: |  1  2  3  4 |
---------------+-------------+-----
Unarmed Combat | 1 2 3 |  3.1
Throwing       | 2 |  2.6
Bows           | |  1.0
Armour         | |  3.6
Spellcasting   | |  1.0
Fire Magic     | |  1.5
Evocations     | |  1.0

Action                   |  1- 3 |  4- 6 || total
-------------------------+-------+-------++-------
Melee: Unarmed           |   128 |    54 ||   182
       Punch             |     2 |       ||     2
 Fire: Blowgun           |       |     1 ||     1
  Use: Scroll            |       |     1 ||     1
  Eat: Chunk             |     1 |     1 ||     2
Armor: Scale mail        |    68 |    20 ||    88
Dodge: Dodged            |    64 |    33 ||    97
